 Dungeon Crawl Stone Soup version 0.31-a0-230-g09eb5fc4d3 (webtiles) character file.

Game seed: 11387682742212436954

56 qw the Shooter (level 3, -4/29 HPs)
             Began as a Minotaur Hexslinger on July 6, 2023.
             Slain by a gnoll
             ... wielding a +0 halberd
              (12 damage)
             ... on level 2 of the Dungeon.
             The game lasted 00:00:33 (702 turns).

qw the Shooter (Minotaur Hexslinger)                 Turns: 702, Time: 00:00:33

Health: -4/29      AC:  2    Str: 12    XL:     3   Next: 71%
Magic:  3/3        EV: 12    Int: 10    God:
Gold:   69         SH:  0    Dex: 14    Spells: 3/4 levels left

rFire   . . .        Y - +1 sling
rCold   . . .        (no shield)
rNeg    . . .        c - +0 robe
rPois   .            (helmet restricted)
rElec   .            (no cloak)
rCorr   .            (no gloves)
SInv    .            (no boots)
Will    .....        (no amulet)
Stlth   +            (no ring)
HPRegen 0.24/turn    (no ring)
MPRegen 0.08/turn

%: no passive effects
@: no status effects
A: horns 2, retaliatory headbutt
a: no special abilities


You were on level 2 of the Dungeon.
You visited 1 branch of the dungeon, and saw 2 of its levels.

You collected 69 gold pieces.


Innate Abilities, Weirdness & Mutations

You have a pair of horns on your head.
You reflexively headbutt those who attack you in melee.


   Skills:
 - Level 2.0 Fighting
 + Level 4.2 Ranged Weapons
 - Level 2.1 Dodging
 - Level 1.0 Spellcasting
 - Level 2.0 Hexes


You had 3 spell levels left.
You knew the following spells:

 Your Spells              Type           Power      Damage    Failure   Level
a - Slow                  Hex            16%        N/A       16%         1

Your spell library contained the following spells:

 Spells                   Type           Power      Damage    Failure   Level
 Inner Flame              Hex/Fire       2%         N/A       56%         3
 Portal Projectile        Hex/Tloc       4%         N/A       56%         3
 Cause Fear               Hex            2%         N/A       83%         4

Inventory:

Hand Weapons
 Y - a +1 sling (weapon)
Armour
 c - a +0 robe (worn)
Scrolls
 f - a scroll of identify
Potions
 d - a potion of mutation {unknown}

Dungeon Overview and Level Annotations

Branches:
Dungeon (2/15)

Altars:

Shops:
D:1 =


Message History

Sorry, I don't know how to get there.
691 ||| Stepping randomly (stuck).
A gnoll comes into view. It is wielding a +3 halberd.
A gnoll comes into view. It is wielding a +0 halberd.
You shoot a sling bullet. The gnoll shouts!
The sling bullet hits the gnoll.
The gnoll is moderately wounded.
You shoot a sling bullet.
The sling bullet closely misses the gnoll.
A gnoll comes into view. It is wielding a +0 whip.
You shoot a sling bullet. The sling bullet hits the gnoll.
The gnoll is almost dead.
You shoot a sling bullet.
The sling bullet closely misses the gnoll.
You shoot a sling bullet. The sling bullet hits the gnoll.
You kill the gnoll!
You shoot a sling bullet.
The sling bullet closely misses the gnoll.
You shoot a sling bullet. The sling bullet hits the gnoll.
The gnoll is moderately wounded.
The gnoll closely misses you.
You shoot a sling bullet. The sling bullet hits the gnoll!
The gnoll is almost dead.
The gnoll hits you from afar with a +0 halberd!
The gnoll barely misses you.
You shoot a sling bullet.
The sling bullet barely misses the gnoll.
The gnoll hits you with a +0 whip.
The gnoll hits you from afar with a +0 halberd.
You shoot a sling bullet.
The sling bullet hits the gnoll but does no damage.
The gnoll closely misses you. You furiously retaliate!
You headbutt the gnoll. The gnoll closely misses you.
You shoot a sling bullet.
The sling bullet hits the gnoll but does no damage.
The gnoll is moderately wounded.
The gnoll barely misses you.
The gnoll hits you from afar with a +0 halberd!
You die...

######
#.##@...#
.#.gg%...#
...........#
.###..#....#
##.###### #.
. .


You could see 2 gnolls.

Vanquished Creatures
  A gnoll (D:2)
  2 adders (D:2)
  5 bats (D:1)
  3 endoplasms
  3 giant cockroaches (D:1)
  2 goblins (D:2)
  A hobgoblin (D:1)
  2 jackals (D:2)
  A kobold (D:1)
  A quokka (D:1)
  A ball python (D:1)
  A frilled lizard (D:1)
  5 rats (D:1)
28 creatures vanquished.

Notes
Turn   | Place    | Note
-------+----------+-------------------------------------------
     0 | D:1      | qw the Minotaur Hexslinger began the quest for the Orb.
     0 | D:1      | Reached XP level 1. HP: 16/16 MP: 1/1
     0 | D:1      | 0 ||| qw: Version: 0.3-a-46-gb1f654a
     0 | D:1      | 0 ||| qw: Game counter: 1753
     0 | D:1      | 0 ||| qw: Melee chars always use a shield: true
     0 | D:1      | 0 ||| qw: God list: Okawaru
     0 | D:1      | 0 ||| qw: Allow faded altars: false
     0 | D:1      | 0 ||| qw: Do Orc after clearing Dungeon:15 true
     0 | D:1      | 0 ||| qw: Do second Lair branch before Depths: true
     0 | D:1      | 0 ||| qw: Lair rune preference: random
     0 | D:1      | 0 ||| qw: Goals: Normal
     0 | D:1      | 0 ||| PLANNING D:1-11
   217 | D:1      | Reached skill level 3 in Ranged Weapons
   217 | D:1      | Reached XP level 2. HP: 23/23 MP: 2/2
   271 | D:1      | 271 ||| FLEEEEING.
   382 | D:1      | Found Pahubisu's Jewellery Emporium.
   386 | D:1      | 386 ||| SHOPLISTING +5 ring of evasion (432 gold, have 54).
   386 | D:1      | 386 ||| SHOPLISTING +6 ring of dexterity (432 gold, have
                  | 54).
   386 | D:1      | 386 ||| SHOPLISTING +6 ring of strength (432 gold, have
                  | 54).
   386 | D:1      | 386 ||| SHOPLISTING amulet of regeneration (360 gold, have
                  | 54).
   386 | D:1      | 386 ||| SHOPLISTING ring of protection from fire (300 gold,
                  | have 54).
   488 | D:1      | You fall into a shaft and drop 1 floor!
   503 | D:2      | 503 ||| READING 2 scrolls labelled WAD XIQ INUINI.
   517 | D:2      | Reached XP level 3. HP: 12/29 MP: 3/3
   521 | D:2      | HP: 6/29 [poisoned by an adder]
   627 | D:2      | 627 ||| READING 2 scrolls labelled HUDUUB UJOTZ.
   628 | D:2      | 628 ||| READING scroll labelled DUEL ACWEAMPASS.
   629 | D:2      | 629 ||| DROPPING scroll of poison.
   630 | D:2      | 630 ||| Stepping randomly (stuck).
   631 | D:2      | 631 ||| Stepping randomly (stuck).
   632 | D:2      | 632 ||| Stepping randomly (stuck).
   633 | D:2      | 633 ||| Stepping randomly (stuck).
   634 | D:2      | 634 ||| Stepping randomly (stuck).
   635 | D:2      | 635 ||| Stepping randomly (stuck).
   636 | D:2      | 636 ||| Stepping randomly (stuck).
   637 | D:2      | 637 ||| Stepping randomly (stuck).
   638 | D:2      | 638 ||| Stepping randomly (stuck).
   639 | D:2      | 639 ||| Stepping randomly (stuck).
   640 | D:2      | 640 ||| Stepping randomly (stuck).
   641 | D:2      | 641 ||| Stepping randomly (stuck).
   642 | D:2      | 642 ||| Stepping randomly (stuck).
   643 | D:2      | 643 ||| Stepping randomly (stuck).
   644 | D:2      | 644 ||| Stepping randomly (stuck).
   645 | D:2      | 645 ||| Stepping randomly (stuck).
   646 | D:2      | 646 ||| Stepping randomly (stuck).
   647 | D:2      | 647 ||| Stepping randomly (stuck).
   648 | D:2      | 648 ||| Stepping randomly (stuck).
   649 | D:2      | 649 ||| Stepping randomly (stuck).
   650 | D:2      | 650 ||| Stepping randomly (stuck).
   651 | D:2      | 651 ||| Stepping randomly (stuck).
   652 | D:2      | 652 ||| Stepping randomly (stuck).
   653 | D:2      | 653 ||| Stepping randomly (stuck).
   654 | D:2      | 654 ||| Stepping randomly (stuck).
   655 | D:2      | 655 ||| Stepping randomly (stuck).
   658 | D:2      | Reached skill level 4 in Ranged Weapons
   658 | D:2      | 658 ||| Stepping randomly (stuck).
   659 | D:2      | 659 ||| Stepping randomly (stuck).
   660 | D:2      | 660 ||| Stepping randomly (stuck).
   661 | D:2      | 661 ||| Stepping randomly (stuck).
   662 | D:2      | 662 ||| Stepping randomly (stuck).
   663 | D:2      | 663 ||| Stepping randomly (stuck).
   664 | D:2      | 664 ||| Stepping randomly (stuck).
   665 | D:2      | 665 ||| Stepping randomly (stuck).
   666 | D:2      | 666 ||| Stepping randomly (stuck).
   667 | D:2      | 667 ||| Stepping randomly (stuck).
   668 | D:2      | 668 ||| Stepping randomly (stuck).
   669 | D:2      | 669 ||| Stepping randomly (stuck).
   670 | D:2      | 670 ||| Stepping randomly (stuck).
   671 | D:2      | 671 ||| Stepping randomly (stuck).
   672 | D:2      | 672 ||| Stepping randomly (stuck).
   673 | D:2      | 673 ||| Stepping randomly (stuck).
   674 | D:2      | 674 ||| Stepping randomly (stuck).
   675 | D:2      | 675 ||| Stepping randomly (stuck).
   676 | D:2      | 676 ||| Stepping randomly (stuck).
   677 | D:2      | 677 ||| Stepping randomly (stuck).
   678 | D:2      | 678 ||| Stepping randomly (stuck).
   679 | D:2      | 679 ||| Stepping randomly (stuck).
   680 | D:2      | 680 ||| Stepping randomly (stuck).
   681 | D:2      | 681 ||| Stepping randomly (stuck).
   682 | D:2      | 682 ||| Stepping randomly (stuck).
   683 | D:2      | 683 ||| READING scroll of teleportation.
   689 | D:2      | 689 ||| Stepping randomly (stuck).
   690 | D:2      | 690 ||| Stepping randomly (stuck).
   691 | D:2      | 691 ||| Stepping randomly (stuck).
   700 | D:2      | HP: 7/29 [gnoll/+0 halberd (3)]
   702 | D:2      | Slain by a gnoll

Levels and vault maps discovered:
D:1:      minmay_arrival_up_and_down, layout_basic, serial_shops, shop,
          nicolae_concentric_dashed_squares_mild, minmay_nonomino_d4
D:2:      layout_rooms, uniq_terence

Skill      XL: |  1  2  3 |
---------------+----------+-----
Ranged Weapons | 3 4 |  4.2
Fighting       | 2 |  2.0
Dodging        | |  2.1
Spellcasting   | |  1.0
Hexes          | |  2.0

Action                     || total
---------------------------++-------
   Fire: Sling             ||    70
    Use: Scroll            ||     4
 Armour: Robe              ||    12
  Dodge: Dodged            ||    37

Table legend:
 A = Non-vault XP
 B = Vault XP
 C = Vault XP percentage of total XP
 D = Non-vault monster count
 E = Vault monster count
 F = Vault count percentage of total count
                 A         B        C        D         E       F
            +---------+---------+-------+---------+---------+-------
      Total |      70 |      11 |  13.6 |      21 |       7 |  25.0
            +---------+---------+-------+---------+---------+-------
        D:1 |      20 |      11 |  35.5 |      13 |       7 |  35.0
        D:2 |      50 |       0 |   0.0 |       8 |       0 |   0.0
            +---------+---------+-------+---------+---------+-------
